[ PARTIDA AOE2 · #506009289 ]
UnrankedBengalíes vs Japanese
Equipo del jugador · DERR
Equipo rival · VICT
[ ANÁLISIS DE REPETICIÓN · EXTRAÍDO DE LA PARTIDA GRABADA ]
Feudal
11:25
Castillos
15:25
Imperial
40:23
| APM promedio | 51.7 |
| APM pico | 87 |
| eAPM promedio | 26.0 |
| Aldeanos / militares | 115 / 51 |
Foco
⚔️ 26.1% · 🌾 73.9%
Ratha (Ranged) ×44 · Mangonel ×6 · Monk ×1
Feudal
9:17
Castillos
27:25
Imperial
40:50
| APM promedio | 90.7 |
| APM pico | 150 |
| eAPM promedio | 27.5 |
| Aldeanos / militares | 149 / 80 |
Foco
⚔️ 33.3% · 🌾 66.7%
Cavalry Archer ×31 · Archer ×21 · Scout Cavalry ×12 · Samurai ×5 · Mangonel ×5 · Monk ×4
Mapa de la partida
Recursos iniciales + cada clic de construcción. Líneas = muros · curvas = relieve. ◆ oro · ⬟ piedra · ● bayas · ✦ reliquia · ◌ hueco del cierre
Tu base· ✓ Cerrada en 15:25 · 30t muro · 3 puerta(s)
Base de KARA___· ✓ Cerrada en 27:25 · 0t muro · 3 puerta(s)
Terreno inicial suavizado · ◌ = hueco del cierre detectado · pasá el cursor para detalles
Inputs por minuto
— DS_Nexus - - KARA___
Build order — DS_Nexus
Primeras 150 de 298 acciones detectadas
| 0:02 | Encolar | Villager (Male) ×4 |
| 0:04 | Construir | House |
| 0:06 | Construir | House |
| 1:32 | Encolar | Villager (Male) |
| 1:32 | Encolar | Villager (Male) |
| 1:51 | Construir | Lumber Camp |
| 2:02 | Encolar | Villager (Male) |
| 2:23 | Encolar | Villager (Male) |
| 2:45 | Encolar | Villager (Male) |
| 3:13 | Encolar | Villager (Male) |
| 3:40 | Encolar | Villager (Male) |
| 3:54 | Construir | House |
| 4:02 | Encolar | Villager (Male) |
| 4:09 | Construir | House |
| 4:27 | Encolar | Villager (Male) |
| 4:42 | Encolar | Villager (Male) |
| 5:20 | Encolar | Villager (Male) ×3 |
| 5:33 | Construir | Mill |
| 6:36 | Encolar | Villager (Male) |
| 6:54 | Construir | Lumber Camp |
| 7:03 | Encolar | Villager (Male) |
| 7:03 | Encolar | Villager (Male) |
| 7:54 | Encolar | Villager (Male) |
| 8:10 | Construir | House |
| 8:18 | Encolar | Villager (Male) |
| 8:21 | Construir | Farm |
| 8:22 | Construir | Farm |
| 8:24 | Construir | Farm |
| 8:27 | Construir | Farm |
| 8:50 | Encolar | Villager (Male) |
| 9:02 | Construir | Mining Camp |
| 9:15 | Investigar | Feudal Age |
| 9:37 | Construir | House |
| 9:37 | Construir | Palisade Wall |
| 9:43 | Construir | Palisade Wall |
| 9:44 | Construir | Palisade Wall |
| 9:45 | Construir | Palisade Wall |
| 9:46 | Construir | Palisade Wall |
| 10:02 | Construir | Palisade Wall |
| 10:04 | Construir | Palisade Wall |
| 10:08 | Construir | Palisade Wall |
| 10:09 | Construir | Palisade Wall |
| 10:29 | Construir | Palisade Wall |
| 10:33 | Investigar | Loom |
| 11:25 | Edad | Edad Feudal |
| 11:27 | Encolar | Villager (Male) |
| 11:30 | Construir | Watch Tower |
| 11:41 | Construir | Market |
| 11:43 | Construir | Blacksmith |
| 11:52 | Encolar | Villager (Male) |
| 11:56 | Construir | Stone Wall |
| 12:45 | Investigar | Castle Age |
| 12:46 | Investigar | Castle Age |
| 12:51 | Construir | Mining Camp |
| 13:28 | Investigar | Fletching |
| 13:51 | Construir | Mining Camp |
| 15:23 | Encolar | Villager (Male) |
| 15:25 | Edad | Edad de los Castillos |
| 15:29 | Construir | Siege Workshop |
| 15:34 | Investigar | Double-Bit Axe |
| 15:49 | Encolar | Villager (Male) |
| 16:00 | Investigar | Bodkin Arrow |
| 16:00 | Investigar | Bodkin Arrow |
| 16:04 | Encolar | Mangonel |
| 16:22 | Investigar | Loom |
| 16:23 | Encolar | Villager (Male) |
| 16:37 | Encolar | Villager (Male) |
| 17:13 | Encolar | Mangonel |
| 17:16 | Construir | House |
| 17:37 | Encolar | Villager (Male) |
| 17:37 | Construir | Farm |
| 17:39 | Construir | Farm |
| 18:07 | Encolar | Villager (Male) |
| 18:10 | Construir | House |
| 18:12 | Construir | Farm |
| 18:23 | Encolar | Villager (Male) |
| 18:38 | Construir | House |
| 19:27 | Encolar | Villager (Male) |
| 20:08 | Construir | Farm |
| 20:11 | Construir | Farm |
| 20:17 | Encolar | Villager (Male) |
| 20:28 | Construir | House |
| 20:34 | Construir | Palisade Wall |
| 20:45 | Encolar | Villager (Male) |
| 20:50 | Encolar | Mangonel |
| 20:57 | Encolar | Villager (Male) |
| 21:27 | Encolar | Villager (Male) |
| 21:37 | Encolar | Villager (Male) |
| 21:45 | Construir | Farm |
| 21:46 | Construir | Farm |
| 21:57 | Encolar | Mangonel |
| 22:17 | Encolar | Villager (Male) |
| 22:33 | Construir | House |
| 22:36 | Construir | House |
| 22:39 | Encolar | Villager (Male) |
| 22:47 | Encolar | Villager (Male) |
| 22:50 | Construir | House |
| 23:20 | Encolar | Villager (Male) |
| 23:29 | Construir | House |
| 23:31 | Encolar | Villager (Male) |
| 23:43 | Encolar | Mangonel |
| 24:03 | Encolar | Mangonel |
| 24:22 | Construir | House |
| 24:36 | Encolar | Villager (Male) |
| 25:03 | Encolar | Villager (Male) |
| 25:06 | Construir | Town Center |
| 25:21 | Encolar | Villager (Male) |
| 25:45 | Encolar | Villager (Male) |
| 25:48 | Encolar | Villager (Male) |
| 26:09 | Encolar | Villager (Male) |
| 26:12 | Construir | Farm |
| 26:17 | Encolar | Villager (Male) |
| 26:32 | Encolar | Villager (Male) |
| 26:36 | Construir | Castle |
| 26:40 | Encolar | Villager (Male) |
| 26:43 | Construir | Palisade Wall |
| 26:51 | Construir | Farm |
| 26:52 | Construir | Farm |
| 26:53 | Construir | Farm |
| 27:00 | Encolar | Villager (Male) |
| 27:13 | Encolar | Villager (Male) |
| 27:23 | Construir | Farm |
| 27:27 | Construir | Farm |
| 27:32 | Encolar | Villager (Male) |
| 27:37 | Encolar | Villager (Male) |
| 27:45 | Encolar | Villager (Male) |
| 27:52 | Encolar | Ratha (Ranged) |
| 27:58 | Encolar | Villager (Male) |
| 28:02 | Construir | Monastery |
| 28:11 | Encolar | Villager (Male) |
| 28:16 | Encolar | Ratha (Ranged) |
| 28:28 | Encolar | Villager (Male) |
| 28:36 | Construir | Farm |
| 28:37 | Construir | Farm |
| 28:38 | Construir | Farm |
| 28:46 | Encolar | Ratha (Ranged) |
| 28:50 | Encolar | Ratha (Ranged) |
| 28:53 | Encolar | Villager (Male) |
| 29:06 | Encolar | Villager (Male) |
| 29:08 | Encolar | Villager (Male) |
| 29:19 | Construir | Farm |
| 29:24 | Encolar | Ratha (Ranged) |
| 29:25 | Encolar | Villager (Male) |
| 29:26 | Construir | Farm |
| 29:27 | Construir | Farm |
| 29:38 | Investigar | Padded Archer Armor |
| 29:40 | Construir | Farm |
| 29:41 | Encolar | Villager (Male) |
| 29:44 | Construir | Farm |
| 29:45 | Construir | Farm |
Build order — KARA___
Primeras 150 de 428 acciones detectadas
| 0:01 | Encolar | Villager (Male) |
| 0:01 | Encolar | Villager (Male) |
| 0:02 | Construir | House |
| 0:02 | Construir | House |
| 0:20 | Encolar | Villager (Male) |
| 0:29 | Encolar | Villager (Male) |
| 0:29 | Encolar | Villager (Male) |
| 1:18 | Encolar | Villager (Male) |
| 1:18 | Encolar | Villager (Male) |
| 1:44 | Construir | Lumber Camp |
| 1:52 | Encolar | Villager (Male) |
| 1:52 | Encolar | Villager (Male) |
| 2:26 | Encolar | Villager (Male) |
| 2:26 | Encolar | Villager (Male) |
| 3:04 | Encolar | Villager (Male) |
| 3:21 | Encolar | Villager (Male) |
| 3:21 | Encolar | Villager (Male) |
| 3:49 | Construir | House |
| 3:52 | Encolar | Villager (Male) |
| 3:53 | Encolar | Villager (Male) |
| 3:53 | Encolar | Villager (Male) |
| 4:03 | Encolar | Villager (Male) |
| 4:37 | Encolar | Villager (Male) |
| 5:05 | Encolar | Villager (Male) |
| 5:40 | Encolar | Villager (Male) |
| 5:56 | Construir | Mining Camp |
| 6:00 | Construir | House |
| 6:09 | Encolar | Villager (Male) |
| 6:36 | Encolar | Villager (Male) |
| 7:07 | Investigar | Feudal Age |
| 7:07 | Investigar | Feudal Age |
| 8:15 | Construir | Barracks |
| 8:26 | Investigar | Loom |
| 8:28 | Encolar | Villager (Male) |
| 9:17 | Edad | Edad Feudal |
| 9:18 | Construir | Watch Tower |
| 9:20 | Construir | Archery Range |
| 9:40 | Construir | Blacksmith |
| 9:49 | Encolar | Villager (Male) |
| 10:11 | Construir | Mining Camp |
| 10:14 | Encolar | Archer |
| 10:16 | Encolar | Villager (Male) |
| 10:25 | Investigar | Fletching |
| 10:25 | Investigar | Fletching |
| 10:29 | Encolar | Villager (Male) |
| 10:35 | Encolar | Archer |
| 10:52 | Construir | Mill |
| 10:55 | Construir | House |
| 11:04 | Encolar | Villager (Male) |
| 11:08 | Investigar | Town Watch |
| 11:12 | Investigar | Double-Bit Axe |
| 11:12 | Investigar | Double-Bit Axe |
| 11:15 | Encolar | Villager (Male) |
| 11:21 | Encolar | Archer |
| 11:42 | Encolar | Villager (Male) |
| 11:43 | Encolar | Archer |
| 12:01 | Construir | Watch Tower |
| 12:14 | Encolar | Villager (Male) |
| 12:17 | Construir | House |
| 12:32 | Construir | Farm |
| 12:34 | Construir | Farm |
| 12:42 | Encolar | Villager (Male) |
| 12:46 | Construir | Farm |
| 13:01 | Encolar | Villager (Male) |
| 13:02 | Construir | House |
| 13:06 | Construir | House |
| 13:13 | Encolar | Archer |
| 13:14 | Encolar | Archer |
| 13:25 | Encolar | Villager (Male) |
| 13:41 | Construir | Farm |
| 13:56 | Encolar | Villager (Male) |
| 14:08 | Construir | House |
| 14:22 | Construir | Watch Tower |
| 14:26 | Encolar | Archer |
| 14:27 | Encolar | Villager (Male) |
| 14:28 | Encolar | Villager (Male) |
| 14:30 | Construir | Farm |
| 14:53 | Encolar | Archer |
| 15:04 | Encolar | Villager (Male) |
| 15:15 | Encolar | Archer |
| 15:41 | Construir | Watch Tower |
| 15:46 | Encolar | Villager (Male) |
| 15:47 | Encolar | Villager (Male) |
| 15:59 | Construir | House |
| 16:30 | Encolar | Villager (Male) |
| 16:33 | Construir | Farm |
| 16:56 | Construir | Watch Tower |
| 17:09 | Encolar | Villager (Male) |
| 17:11 | Investigar | Wheelbarrow |
| 17:12 | Investigar | Wheelbarrow |
| 17:29 | Construir | Lumber Camp |
| 17:46 | Construir | Stable |
| 17:52 | Investigar | Scale Barding Armor |
| 18:00 | Encolar | Archer |
| 18:00 | Encolar | Villager (Male) |
| 18:29 | Investigar | Forging |
| 18:29 | Investigar | Forging |
| 18:32 | Construir | Farm |
| 18:33 | Construir | Farm |
| 18:34 | Construir | Farm |
| 19:01 | Encolar | Scout Cavalry |
| 19:01 | Encolar | Scout Cavalry |
| 19:17 | Encolar | Villager (Male) |
| 19:21 | Construir | Lumber Camp |
| 19:22 | Construir | Farm |
| 19:34 | Encolar | Scout Cavalry |
| 19:44 | Encolar | Villager (Male) |
| 19:45 | Construir | Farm |
| 19:49 | Construir | House |
| 20:17 | Encolar | Scout Cavalry |
| 20:21 | Construir | Watch Tower |
| 20:34 | Encolar | Villager (Male) |
| 20:39 | Construir | Watch Tower |
| 20:44 | Investigar | Bloodlines |
| 20:44 | Investigar | Bloodlines |
| 20:46 | Construir | Farm |
| 20:48 | Construir | Farm |
| 20:49 | Construir | Farm |
| 20:51 | Encolar | Villager (Male) |
| 20:52 | Construir | House |
| 20:53 | Construir | House |
| 21:08 | Encolar | Scout Cavalry |
| 21:43 | Encolar | Villager (Male) |
| 21:43 | Encolar | Villager (Male) |
| 21:45 | Construir | Market |
| 21:46 | Construir | Farm |
| 22:13 | Construir | Farm |
| 22:14 | Construir | Farm |
| 22:15 | Encolar | Scout Cavalry |
| 22:32 | Construir | House |
| 22:37 | Encolar | Villager (Male) |
| 22:37 | Encolar | Villager (Male) |
| 22:41 | Construir | Farm |
| 22:43 | Construir | House |
| 22:44 | Construir | House |
| 22:56 | Construir | Farm |
| 23:25 | Encolar | Scout Cavalry |
| 23:25 | Encolar | Scout Cavalry |
| 23:47 | Encolar | Villager (Male) |
| 23:49 | Construir | Farm |
| 23:50 | Investigar | Horse Collar |
| 23:51 | Investigar | Horse Collar |
| 23:53 | Construir | Farm |
| 23:55 | Construir | Farm |
| 24:10 | Construir | Watch Tower |
| 24:15 | Encolar | Villager (Male) |
| 24:45 | Investigar | Castle Age |
| 24:45 | Investigar | Castle Age |
| 24:45 | Investigar | Castle Age |
| 24:45 | Investigar | Castle Age |
Cronología de la partida
| 8:15 | KARA___ · first_building Barracks |
| 9:17 | KARA___ · age_up feudal |
| 9:20 | KARA___ · first_building Archery Range |
| 9:37 | DS_Nexus · wall_segment Palisade Wall x1 |
| 9:43 | DS_Nexus · wall_segment Palisade Wall x1 |
| 9:44 | DS_Nexus · wall_segment Palisade Wall x1 |
| 9:45 | DS_Nexus · wall_segment Palisade Wall x3 |
| 9:46 | DS_Nexus · wall_segment Palisade Wall x7 |
| 10:02 | DS_Nexus · wall_segment Palisade Wall x3 |
| 10:04 | DS_Nexus · wall_segment Palisade Wall x6 |
| 10:08 | DS_Nexus · wall_segment Palisade Wall x4 |
| 10:09 | DS_Nexus · wall_segment Palisade Wall x4 |
| 10:29 | DS_Nexus · wall_segment Palisade Wall x1 |
| 11:25 | DS_Nexus · age_up feudal |
| 11:56 | DS_Nexus · wall_segment Stone Wall x1 |
| 12:43 | DS_Nexus · first_market_sell 100 wood |
| 15:25 | DS_Nexus · age_up castle |
| 15:29 | DS_Nexus · first_building Siege Workshop |
| 17:46 | KARA___ · first_building Stable |
| 20:34 | DS_Nexus · wall_segment Palisade Wall x1 |
| 20:45 | DS_Nexus · first_market_buy 100 food |
| 23:06 | KARA___ · first_market_buy 100 food |
| 24:44 | KARA___ · first_market_sell 100 stone |
| 26:36 | DS_Nexus · first_building Castle |
| 26:43 | DS_Nexus · wall_segment Palisade Wall x1 |
| 27:25 | KARA___ · age_up castle |
| 27:30 | KARA___ · first_building Monastery |
| 28:02 | DS_Nexus · first_building Monastery |
| 30:20 | KARA___ · first_building Siege Workshop |
| 35:20 | DS_Nexus · first_building Barracks |
| 36:54 | KARA___ · first_building Castle |
| 38:45 | DS_Nexus · first_building Archery Range |
| 38:48 | DS_Nexus · first_building Stable |
| 40:23 | DS_Nexus · age_up imperial |
| 40:50 | KARA___ · age_up imperial |
| 42:16 | DS_Nexus · resign |
[ ANÁLISIS IA · 1 CRÉDITO ]
¿Qué pasó realmente en esta partida?
Wolo.gg analiza cada decisión: build order, eco, micro, errores típicos por bracket. Análisis personalizado por WhatsApp o Discord en 30 segundos.
Guía civ
Bengalíes
Perfil
DS_Nexus